 Dungeon Crawl Stone Soup version 0.28.0-1-gb440e238dd (webtiles) character file.

Game seed: 1361049833457507002

375 xSliceyx the Covered (level 6, 0/47 HPs)
             Began as a Demonspawn Fighter on Feb 19, 2022.
             Slain by Pikel (4 damage)
             ... on level 6 of the Dungeon.
             The game lasted 00:11:26 (4526 turns).

xSliceyx the Covered (Demonspawn Fighter)           Turns: 4526, Time: 00:11:27

Health: 0/47       AC: 12    Str: 18    XL:     6   Next: 44%
Magic:  6/6        EV:  9    Int:  9    God:
Gold:   131        SH:  5    Dex: 13    Spells: 5/5 levels left

rFire   + . .      SeeInvis .   a - +0 long sword
rCold   . . .      Faith    .   c - +0 buckler
rNeg    . . .      Spirit   .   b - +0 scale mail
rPois   .          Reflect  .   (no helmet)
rElec   .          Harm     .   m - +0 cloak
rCorr   .          Rampage  .   (no gloves)
Will    .....                   q - +2 pair of boots
Stlth   ..........              (no amulet)
HPRegen 0.15/turn               r - ring of protection from fire
MPRegen 0.10/turn               (no ring)

@: mighty, hasted, very quick
A: ignite blood 1, powered by death 1, demonic touch 2
a: no special abilities


You were on level 6 of the Dungeon.
You visited 1 branch of the dungeon, and saw 5 of its levels.

You collected 131 gold pieces.

Inventory:

Hand Weapons
 a - a +0 long sword (weapon)
Armour
 b - a +0 scale mail (worn)
 c - a +0 buckler (worn)
 m - a +0 cloak (worn)
 q - a +2 pair of boots (worn)
Jewellery
 e - a ring of fire
 r - a ring of protection from fire (left hand)
Wands
 i - a wand of flame (13)
Scrolls
 f - a scroll of amnesia {unknown}
 g - a scroll of identify
 h - 2 scrolls of enchant weapon {unknown}
 n - 2 scrolls of teleportation {unknown}
 o - 2 scrolls of fog {unknown}
 t - a scroll of enchant armour {unknown}
Potions
 k - a potion of curing
 l - a potion of haste
 p - a potion of brilliance
 s - 2 potions of flight
 u - a potion of heal wounds


   Skills:
 - Level 3.0 Fighting
 - Level 1.7 Long Blades
 + Level 6.0 Armour
 - Level 4.0 Shields


You had 5 spell levels left.
You didn't know any spells.
Your spell library contained the following spells:

 Spells                   Type           Power      Damage    Failure   Level
 Alistair's Intoxication  Tmut/Pois      0%         N/A       100%        5
 Borgnjor's Vile Clutch   Necr/Erth      0%         N/A       100%        5
 Eringya's Noxious Bog    Tmut/Pois      0%         N/A       100%        6


Dungeon Overview and Level Annotations

Branches:
Dungeon (4/15)
 Temple: D:4-7

Altars:
Gozag
Trog

Annotations:
D:6 Pikel


Innate Abilities, Weirdness & Mutations

Your demonic aura sometimes causes spilled blood to erupt in flames.
You regenerate a little health from kills.
Your touch may inflict irresistible damage on your foes.


Message History

The lemure hits you but does no damage.
Pikel drinks a potion.
Pikel flickers and vanishes!
Deactivating autopickup; reactivate with Ctrl-A.
You barely miss the lemure.
The lemure is almost dead.
The lemure completely misses you.
You hit the lemure but do no damage.
The lemure is almost dead.
Throw: dart (poison)
Press: ? - help, Q - select action, (/) - cycle Shift-Dir - straight line, f - lemure
Aim: a lemure (almost dead, 50% to hit)
You throw a poisoned dart. The poisoned dart hits the lemure.
The lemure is poisoned.
The lemure is almost dead.
Something hits you.
You miss something. Something hits you but does no damage.
You closely miss something. Something hits you but does no damage.
You miss something. Something hits you but does no damage.
You hit something but do no damage.
You kill the lemure!
That felt strangely unrewarding.
You barely miss something. Something hits you but does no damage.
You closely miss something. Something hits you but does no damage.
You barely miss something. Something hits you! Something burns you.
You barely miss something. Something hits you! Something burns you.
You feel very mighty all of a sudden. Something hits you. Something burns you.
You hit something. You closely miss something. Something hits you!
Something burns you.
* * * LOW HITPOINT WARNING * * *
You completely miss something. Something hits you.
* * * LOW HITPOINT WARNING * * *
You closely miss something. Something hits you.
* * * LOW HITPOINT WARNING * * *
You miss something. Something hits you.
* * * LOW HITPOINT WARNING * * *
You slash something! Something hits you.
* * * LOW HITPOINT WARNING * * *
You barely miss something. Something hits you.
You die...

##.# ...#
#.$ #.# #
###.##.#
#5(..5.#
#5#.K.......
#{##########
#@# #.# #.#
#.# #.# ...
#.# ..# #.#


You could see 2 lemures.

Vanquished Creatures
  A lemure (D:6)
  2 scorpions
  An orc wizard (D:3)
  Terence (D:3)
  8 gnolls
  5 adders
  A worm (D:3)
  3 dart slugs (D:1)
  10 orcs
  6 bats
  8 endoplasms
  A giant cockroach (D:1)
  6 hobgoblins
  5 kobolds
  5 quokkas
  3 ball pythons
  3 frilled lizards (D:1)
  6 goblins
  5 rats
80 creatures vanquished.

Notes
Turn   | Place    | Note
-------+----------+-------------------------------------------
     0 | D:1      | xSliceyx the Demonspawn Fighter began the quest for the
                  | Orb.
     0 | D:1      | Reached XP level 1. HP: 18/18 MP: 1/1
   223 | D:1      | Reached skill level 3 in Armour
   223 | D:1      | Gained mutation: Your touch may inflict minor irresistible
                  | damage on your foes. [demonic ancestry]
   223 | D:1      | Reached XP level 2. HP: 24/24 MP: 2/2
   957 | D:1      | Found a faded altar of an unknown god.
   968 | D:1      | Gained mutation: You regenerate a little health from kills.
                  | [demonic ancestry]
   968 | D:1      | Reached XP level 3. HP: 27/29 MP: 3/3
  1369 | D:2      | Found a bloodstained altar of Trog.
  1559 | D:3      | Gained mutation: Your touch may inflict irresistible damage
                  | on your foes. [demonic ancestry]
  1559 | D:3      | Reached XP level 4. HP: 6/35 MP: 4/4
  2062 | D:2      | Reached skill level 4 in Armour
  2354 | D:2      | Reached XP level 5. HP: 33/41 MP: 5/5
  2919 | D:3      | Found an opulent altar of Gozag.
  2939 | D:3      | Reached skill level 5 in Armour
  3327 | D:3      | Noticed Terence
  3361 | D:3      | Killed Terence
  3790 | D:4      | Gained mutation: Your demonic aura sometimes causes spilled
                  | blood to erupt in flames. [demonic ancestry]
  3790 | D:4      | Reached XP level 6. HP: 15/47 MP: 6/6
  4479 | D:4      | Reached skill level 6 in Armour
  4489 | D:4      | You fall into a shaft and drop 2 floors!
  4489 | D:6      | Noticed Pikel
  4526 | D:6      | Slain by Pikel

Illustrated notes

Levels and vault maps discovered:
D:1:      onia_arrival_mini_maze, layout_loops_cross,
          ebering_ecumenical_altar_hall, minmay_tetromino_l4
D:2:      layout_rooms, serial_corexii_hall, chequers_hall_statues_corner_a,
          corexii_hall_statues_l, corexii_hall_statues_u,
          corexii_hall_statues_i, chequers_hall_statues_corner_a,
          chequers_hall_statues_y, basic_altar, chequers_serial_rivers_small_b
D:3:      layout_loops_ring, mainiacjoe_overflow_catwalk, uniq_terence
D:4:      minmay_bubble_buster, layout_loops_ring, nemelex_diamond_rough_becter,
          lemuel_doored_altar, minmay_temple_entry_from_below_a,
          serial_bayou_crossing
D:6:      layout_basic, nicolae_hepliaklqana_hippocampus, kennysheep_little_box,
          nicolae_ru_the_path_less_chosen, lemuel_coloured_pillars_altar,
          gammafunk_ghost_split, uniq_pikel

Skill      XL: |  1  2  3  4  5  6 |
---------------+-------------------+-----
Armour         | 3 4 5 6 |  6.0
Shields        | 3 4 |  4.0
Fighting       | |  3.0
Long Blades    | |  1.7

Action                   |  1- 3 |  4- 6 || total
-------------------------+-------+-------++-------
Melee: Long sword        |   101 |   208 ||   309
Throw: Dart              |       |    15 ||    15
  Use: Scroll            |       |     6 ||     6
       Potion            |       |     2 ||     2
Armor: Scale mail        |    51 |    85 ||   136
Dodge: Dodged            |    47 |    89 ||   136
Block: Buckler           |    19 |    42 ||    61
